 Dungeon Crawl Stone Soup version 0.18-a0-1225-g5d63bca (webtiles) character file.

1 Duffy the Skirmisher (level 1, -2/11 HPs)
             Began as a Vine Stalker Fighter on Feb 4, 2016.
             Slain by a kobold
             ... wielding a +0 short sword
              (3 damage)
             ... on level 1 of the Dungeon.
             The game lasted 00:00:10 (54 turns).

Duffy the Skirmisher (Vine Stalker Fighter)           Turns: 54, Time: 00:00:10

Health: -2/11      AC:  6    Str: 18    XL:     1   Next: 20%
Magic:  0/2        EV:  7    Int:  8    God:
Gold:   0          SH:  9    Dex: 13    Spells: 0 memorised, 0 levels left

rFire  . . .     SeeInvis .     a - +0 flail
rCold  . . .     Gourm    .     b - +0 scale mail
rNeg   . . .     Faith    .     c - +0 shield
rPois  .         Spirit   +     (no helmet)
rElec  .         Dismiss  .     (no cloak)
rCorr  .         Reflect  .     (no gloves)
SustAt .         Harm     .     (no boots)
MR     .....                    (no amulet)
Stlth  ..........               (no ring)
                                (no ring)

@: not resistant to hostile enchantments, extremely unstealthy
A: fangs 2, regeneration 1, magic shield, antimagic bite, no device heal 3, rot
immunity
a: no special abilities


You were on level 1 of the Dungeon.
You were not hungry.

You visited 1 branch of the dungeon, and saw 1 of its levels.


Innate Abilities, Weirdness & Mutations

You have extremely sharp teeth.
Your natural rate of healing is unusually fast.
When hurt, damage is shared between your health and your magic reserves.
Your bite disrupts and absorbs the magic of your enemies.
Potions and wands cannot restore your health.
You are immune to rotting.


   Skills:
 + Level 2.7 Fighting
 + Level 1.8 Maces & Flails
 - Level 2.4 Armour
 - Level 2.6 Shields


You couldn't memorise any spells.
You didn't know any spells.

Inventory:

Hand Weapons
 a - a +0 flail (weapon)
Armour
 b - a +0 scale mail (worn)
 c - a +0 shield (worn)
Scrolls
 e - a scroll of amnesia {unknown}
 h - a scroll of enchant armour {unknown}
 i - a scroll of fear {unknown}
Potions
 d - a potion of might
Comestibles
 f - a bread ration
 g - a slice of pizza

Dungeon Overview and Level Annotations

Branches:
Dungeon (1/15)

Altars:


Message History

The kobold is moderately wounded.
You block the kobold's attack. You block the hobgoblin's attack.
You block the kobold's attack. x2
A rat comes into view.
You closely miss the kobold.
The kobold is moderately wounded.
The hobgoblin hits you.
The kobold hits you but does no damage. x2
The hobgoblin hits you.
You are too injured to fight recklessly!
You are too injured to fight recklessly!
You are too injured to fight recklessly!
You are too injured to fight recklessly!
You are too injured to fight recklessly!
You are too injured to fight recklessly!
You are too injured to fight recklessly!
You are too injured to fight recklessly!
You are too injured to fight recklessly!
You are too injured to fight recklessly!
You are too injured to fight recklessly!
There are monsters nearby!
You barely miss the hobgoblin. You block the kobold's attack.
The kobold hits you but does no damage. The hobgoblin hits you.
You block the kobold's attack. The kobold hits you but does no damage.
You hit the hobgoblin.
You kill the hobgoblin!
The kobold hits you but does no damage. x3
You closely miss the kobold. You bite the kobold. You drain its power.
You feel invigorated.
The kobold is severely wounded.
The kobold hits you but does no damage. You block the kobold's attack.
The kobold hits you with a short sword.
You barely miss the kobold. You bite the kobold, but do no damage.
The kobold is moderately wounded.
The kobold hits you with a short sword.
You die...

#~. 7## #7 #~. .(.
#8#+#8### #~. ....
........+ #~.# ....
8##.##8## #~..## .....
7~#'# #~...##.....
7##'##7######~..K.r.(...
~~~.~~~~~~~~~~..@K#
..................#
##................#
#................#
##..............##
#......(......##
#####......##.#
######....#### ####....#


You could see 2 kobolds and a rat.

Action                   || total
-------------------------++-------
Melee: Flail             ||    11

Notes
Turn   | Place    | Note
--------------------------------------------------------------
     0 | D:1      | Duffy the Vine Stalker Fighter began the quest for the Orb.
     0 | D:1      | Reached XP level 1. HP: 11/11 MP: 2/2
    54 | D:1      | Slain by a kobold

Vault maps used:
D:1:      saegor_arrival_fortress

Vanquished Creatures
  A hobgoblin
1 creature vanquished.
